 Dungeon Crawl Stone Soup version 0.29.1-2-gbd0b4ee654 (webtiles) character file.

Game seed: 14699891598599762022

403 safid the Shooter (level 6, -1/57 HPs)
             Began as a Minotaur Hunter on Nov 8, 2022.
             Slain by a goblin
             ... wielding a +2 dagger of venom
             ... led by Robin
              (8 damage)
             ... on level 4 of the Dungeon.
             The game lasted 00:05:21 (3132 turns).

safid the Shooter (Minotaur Hunter)                 Turns: 3132, Time: 00:05:23

Health: -1/57      AC: 10    Str: 16    XL:     6   Next: 55%
Magic:  5/5        EV: 10    Int:  6    God:
Gold:   185        SH:  0    Dex: 15    Spells: 5/5 levels left

rFire   . . .      SeeInvis .   a - +0 shortbow
rCold   . . .      Faith    .   (shield currently unavailable)
rNeg    . . .      Spirit   .   n - +0 scale mail
rPois   .          Reflect  .   (helmet restricted)
rElec   .          Harm     .   (no cloak)
rCorr   .          Rampage  .   (no gloves)
Will    .....                   (no boots)
Stlth   ..........              (no amulet)
HPRegen 0.19/turn               l - +4 ring of protection
MPRegen 0.09/turn               (no ring)

@: lethally poisoned (-1 -> -28), attractive
A: horns 2, retaliatory headbutt
a: no special abilities


You were on level 4 of the Dungeon.
You visited 1 branch of the dungeon, and saw 4 of its levels.

You collected 185 gold pieces.

Inventory:

Hand Weapons
 a - a +0 shortbow (weapon)
Missiles
 r - a throwing net
Armour
 n - a +0 scale mail (worn)
Jewellery
 l - a +4 ring of protection (left hand)
 o - a ring of ice
Scrolls
 c - a scroll of amnesia {unknown}
 d - 2 scrolls of teleportation {unknown}
 e - 2 scrolls of identify {unknown}
 g - a scroll of noise {unknown}
 m - 2 scrolls of poison {unknown}
 p - a scroll of blinking {unknown}
Potions
 b - a potion of lignification {unknown}
 f - a potion of attraction
 h - a potion of curing {unknown}
 i - a potion of magic {unknown}
 j - a potion of haste {unknown}
 k - 2 potions of flight {unknown}
 q - a potion of experience {unknown}


   Skills:
 + Level 6.2 Fighting
 + Level 6.9 Ranged Weapons
 - Level 2.1 Dodging
 - Level 0.7 Stealth


You had 5 spell levels left.
You didn't know any spells.
Your spell library contained the following spells:

 Spells                   Type           Power      Damage    Failure   Level
 Slow                     Hex            0%         N/A       88%         1
 Summon Small Mammal      Summ           0%         N/A       88%         1
 Sublimation of Blood     Necr           0%         N/A       96%         2
 Wereblood                Tmut           0%         N/A       96%         2
 Call Canine Familiar     Summ           0%         N/A       99%         3
 Confusing Touch          Hex            0%         N/A       99%         3
 Ozocubu's Armour         Ice            0%         N/A       99%         3
 Portal Projectile        Hex/Tloc       0%         N/A       99%         3
 Summon Guardian Golem    Hex/Summ       0%         N/A       99%         3
 Tukima's Dance           Hex            0%         N/A       99%         3
 Vampiric Draining        Necr           0%         2d6       99%         3
 Blade Hands              Tmut           0%         N/A       100%        5
 Metabolic Englaciation   Hex/Ice        0%         N/A       100%        5
 Simulacrum               Ice/Necr       0%         N/A       100%        6
 Summon Hydra             Summ           0%         N/A       100%        7


Dungeon Overview and Level Annotations

Branches:
Dungeon (4/15)
 Temple: D:4-7

Altars:


Innate Abilities, Weirdness & Mutations

You have a pair of horns on your head.
You reflexively headbutt those who attack you in melee.


Message History

You feel sick.
The goblin hits you with a +2 dagger of venom.
Robin throws the goblin at you! The goblin hits you but does no damage.
You are more poisoned.
Robin hits you with a +4 mace of protection.
Fire: a) +0 shortbow
Press: ? - help, Q - select action, (/) - cycle Shift-Dir - straight line, f/p - Robin
Aim: Robin, wielding a +4 mace of protection, wearing a +0 animal skin and wearing a +0 helmet (72% to hit)
You shoot an arrow. The arrow hits Robin.
Robin is moderately wounded.
You feel very sick.
The goblin hits you with a +2 dagger of venom.
You are more poisoned.
Robin barely misses you. You furiously retaliate!
You headbutt Robin.
Fire: a) +0 shortbow
Press: ? - help, Q - select action, (/) - cycle Shift-Dir - straight line, f/p - Robin
Aim: Robin, wielding a +4 mace of protection, wearing a +0 animal skin and wearing a +0 helmet (heavily wounded, 72% to hit)
You shoot an arrow. The arrow hits Robin!
You kill Robin!
You feel very sick.
The goblin hits you with a +2 dagger of venom.
You are lethally poisoned!
The goblin hits you but does no damage.
You are more poisoned.
Fire: a) +0 shortbow
Press: ? - help, Q - select action, (/) - cycle Shift-Dir - straight line, f - goblin
Aim: a goblin, wielding a +0 dagger (strong, 59% to hit)
You shoot an arrow. The arrow hits the goblin.
The goblin is severely wounded.
* * * LOW HITPOINT WARNING * * *
You feel extremely sick. The goblin misses you.
The goblin hits you but does no damage.
You are more poisoned.
It was a potion of attraction.
You feel attractive to monsters.
* * * LOW HITPOINT WARNING * * *
You feel extremely sick. The goblin closely misses you.
The goblin hits you with a +2 dagger of venom!
You die...

#........<.....# #.....#
####..............# #g....#
...#..............# #.....#
...'..............# #.....#
...#..............#########g....#
...####'###+#...................#
#####.......#.........).........#
....#.......#....)..............#
....#.......#...@g)))...........#
....#.......#....g..............#
....#.......#...................+
....#######.....................#
.......<...##############........
...........# #........
...........# ....... ...........#
...... ...........#


You could see 2 goblins.

Vanquished Creatures
  Sigmund (D:3)
  A hound (D:4)
  2 iguanas (D:4)
  Robin (D:4)
  5 adders
  2 worms (D:2)
  4 dart slugs
  An orc (D:3)
  5 ball pythons
  13 endoplasms
  2 giant cockroaches
  18 goblins
  6 hobgoblins
  6 jackals
  7 kobolds
  A quokka (D:4)
  6 bats
  5 rats
86 creatures vanquished.

Notes
Turn   | Place    | Note
-------+----------+-------------------------------------------
     0 | D:1      | safid the Minotaur Hunter began the quest for the Orb.
     0 | D:1      | Reached XP level 1. HP: 18/18 MP: 0/0
   287 | D:1      | Reached XP level 2. HP: 26/26 MP: 1/1
   424 | D:1      | Found a faded altar of an unknown god.
   586 | D:1      | Reached skill level 5 in Ranged Weapons
   682 | D:1      | Reached XP level 3. HP: 31/31 MP: 2/2
  1861 | D:3      | Reached XP level 4. HP: 35/40 MP: 3/3
  1940 | D:3      | Identified the +5 bardiche "Qevuezej" {antimagic, Str+4}
  2081 | D:3      | Noticed Sigmund
  2105 | D:3      | Killed Sigmund
  2106 | D:3      | Reached skill level 5 in Fighting
  2106 | D:3      | Reached XP level 5. HP: 29/48 MP: 4/4
  2424 | D:4      | Reached XP level 6. HP: 46/56 MP: 5/5
  3089 | D:4      | Noticed Robin
  3130 | D:4      | Killed Robin
  3132 | D:4      | Slain by a goblin

Illustrated notes

Levels and vault maps discovered:
D:1:      beargit_arrival_diablo_church, layout_basic,
          chequers_ecumenical_altar_simple_redux
D:2:      minmay_recursive_quarters, layout_basic
D:3:      layout_rooms, uniq_sigmund
D:4:      layout_gridville, st_stairs_14, uniq_robin

Skill      XL: |  1  2  3  4  5  6 |
---------------+-------------------+-----
Fighting       | 3 4 5 6 |  6.2
Ranged Weapons | 5 6 |  6.9
Dodging        | |  2.1
Stealth        | |  0.7

Action                   |  1- 3 |  4- 6 || total
-------------------------+-------+-------++-------
 Fire: Shortbow          |   122 |   114 ||   236
  Use: Potion            |       |     1 ||     1
Armor: Leather armour    |     6 |     1 ||     7
       Scale mail        |       |    33 ||    33
Dodge: Dodged            |    21 |    30 ||    51
